 Dungeon Crawl Stone Soup version 0.31-a0-986-g5e6e4ef867 (webtiles) character file.

Game seed: 13160976195633078379

90 Whiskey the Changeling (level 4, 0/40 HPs)
             Began as a Troll Shapeshifter on Nov 14, 2023.
             Slain by Crazy Yiuf
             ... wielding a +3 quarterstaff of chaos
              (1 damage)
             ... on level 2 of the Dungeon.
             The game lasted 00:02:33 (1590 turns).

Whiskey the Changeling (Troll Shapeshifter)         Turns: 1590, Time: 00:02:34

Health: 0/40       AC:  4    Str: 22    XL:     4   Next: 32%
Magic:  3/3        EV:  9    Int:  8    God:
Gold:   81         SH:  0    Dex:  9    Spells: 3/3 levels left

rFire   . .          .
                       - Unarmed
rCold   . . .        (no shield)
rNeg    . . .        a - +0 animal skin
rPois   .            (helmet currently unavailable)
rElec   .            (cloak currently unavailable)
rCorr   .            (gloves unavailable)
SInv    .            (boots unavailable)
Will    .....        (no amulet)
Stlth   +            (no ring)
HPRegen 1.06/turn    (no ring)
MPRegen 0.08/turn

%: no passive effects
@: lethally poisoned (0 -> -3), beast-form
A: beast (slay +2), large, unfitting armour, claws 3, regeneration 1, shaggy fur
1, tough skin 1
a: Begin Untransformation


You were on level 2 of the Dungeon.
You were a hulking beast.
You visited 1 branch of the dungeon, and saw 2 of its levels.

You collected 81 gold pieces.

Inventory:

Armour
 a - a +0 animal skin (worn)
Talismans
 c - a beast talisman
 d - a flux talisman
Scrolls
 e - 5 scrolls of identify {unknown}
 h - a scroll of noise {unknown}
 i - a scroll of teleportation {unknown}
 k - a scroll of brand weapon {unknown}
Potions
 b - a potion of lignification {!q}
 f - a potion of curing {unknown}
 j - a potion of heal wounds {unknown}


   Skills:
 - Level 0.7 Fighting
 - Level 1.5 Dodging
 + Level 3.8 Unarmed Combat
 * Level 4.3 Shapeshifting


You had 3 spell levels left.
You didn't know any spells.
Your spell library was empty.

Dungeon Overview and Level Annotations

Branches:
Dungeon (2/15)

Altars:

Shops:
D:1 *

Annotations:
D:2 Crazy Yiuf


Innate Abilities, Weirdness & Mutations

You are a hulking beast.
Your limbs bulge with bestial killing power. (Slay +2)
You are too large for most types of armour.
You have claws for hands.
Your natural rate of healing is unusually fast.
You are covered in fur. (AC +1)
You have tough skin. (AC +1)


Message History

You claw the goblin!
You kill the goblin!
No target in view!
No target in view!
No target in view!
No target in view!
No target in view!
No target in view!
No target in view!
No target in view!
Terence the Incautious comes into view.
He is wielding a +0 hand axe of freezing and wearing a +0 scale mail of cold resistance.
You barely miss Terence.
Terence hits you with a +0 hand axe of freezing.
Terence freezes you.
You take 2 damage, and have 30/32 hp.
You claw Terence! Terence closely misses you.
You claw Terence!
You kill Terence!
You have reached level 4!
Health restored: 40; MP restored: 3
k - a +0 hand axe of freezing
Things that are here:
a +0 scale mail of cold resistance; the human corpse of Terence You drop a +0 hand axe of freezing.
You see here a +0 dagger.
k - a scroll labelled XOWIMU GOXKI You see here an orb of energy.
You drop a scroll labelled XOWIMU GOXKI.
Found a runed translucent door.
Things that are here:
a scroll labelled XOWIMU GOXKI; an orb of energy
k - a scroll labelled XOWIMU GOXKI
Found a stone staircase leading up.
No target in view!
No target in view!
A rat comes into view.
The rat bites you but does no damage.
You barely miss the rat. The rat bites you but does no damage.
You closely miss the rat. The rat closely misses you.
You scratch the rat but do no damage.
The rat twitches its whiskers.
The rat bites you but does no damage.
You closely miss the rat. The rat barely misses you.
You scratch the rat.
You kill the rat!
No target in view!
No target in view!
No target in view!
No target in view!
Found a faded altar of an unknown god.
You see here a rat corpse.
A bat comes into view.
You enter the shallow water.
The bat closely misses you. The bat hits you but does no damage.
You barely miss the bat. The bat hits you but does no damage. x2
You scratch the bat.
You kill the bat!
No target in view!
No target in view!
No target in view!
No target in view!
No target in view!
No target in view!
No target in view!
No target in view!
No target in view!
You enter the shallow water.
You open the door.
There is an open door here.
There is an open door here.
You open the door.
There is an open door here.
You now have 81 gold pieces (gained 15).
There is an open door here.
There is a stone staircase leading up here.
Crazy Yiuf shouts!
You open the door. You closely miss Crazy Yiuf. Crazy Yiuf barely misses you.
You completely miss Crazy Yiuf.
Crazy Yiuf hits you with a +3 quarterstaff of chaos!
You are poisoned.
You take 10 damage, and have 30/40 hp.
MASSIVE DAMAGE!!
You scratch Crazy Yiuf.
You feel very sick.
Crazy Yiuf hits you with a +3 quarterstaff of chaos!
Crazy Yiuf freezes you.
* * * LOW HITPOINT WARNING * * *
You take 22 damage, and have 8/40 hp.
MASSIVE DAMAGE!!
You completely miss Crazy Yiuf.
* * * LOW HITPOINT WARNING * * *
You feel very sick. Crazy Yiuf closely misses you.
You take 2 damage, and have 6/40 hp.
It was a potion of magic.
Magic courses through your body.
* * * LOW HITPOINT WARNING * * *
You feel very sick.
Crazy Yiuf hits you with a +3 quarterstaff of chaos.
* * * LOW HITPOINT WARNING * * *
Crazy Yiuf burns you.
You die...

####.# #.#.... # #.# #.#.###
####.# #.#.# .....# ####.#.###
###..# #......... ##...# ###♣♣♣♣♣
##.....### ##...###.#..♣.♣♣♣ ###
##....# .....##......♣..♣#...#
##.#.### .....<......♣♣♣♣hg...#
#.#.... .........#.♣♣ ♣♣#..)#
#.##### ........##♣♣ ### ##'##
##...##.# ##...#### ##...##.#
##......~. ........# ######
##..~..~≈~.
##...##########....####....~≈~≈≈≈
.......[..............+..~.~~≈≈≈≈
##...##########...)####...≈≈≈~≈~≈


You could see Crazy Yiuf.

Vanquished Creatures
  Terence (D:2)
  2 adders (D:2)
  2 worms (D:2)
  4 ball pythons
  An endoplasm (D:1)
  4 goblins
  3 hobgoblins
  8 jackals (D:1)
  A quokka (D:1)
  4 bats
  4 frilled lizards
  3 kobolds
  5 rats
42 creatures vanquished.

Notes
Turn   | Place    | Note
-------+----------+-------------------------------------------
     0 | D:1      | Whiskey the Troll Shapeshifter began the quest for the Orb.
     0 | D:1      | Reached XP level 1. HP: 18/18 MP: 0/0
   137 | D:1      | Reached XP level 2. HP: 23/26 MP: 1/1
   349 | D:1      | Found Pyuj's General Store.
   628 | D:1      | Reached XP level 3. HP: 32/32 MP: 2/2
   854 | D:2      | Reached skill level 4 in Shapeshifting
  1212 | D:2      | Noticed Terence
  1216 | D:2      | Killed Terence
  1217 | D:2      | Reached XP level 4. HP: 40/40 MP: 3/3
  1303 | D:2      | Found a runed translucent door.
  1369 | D:2      | Found a faded altar of an unknown god.
  1582 | D:2      | Noticed Crazy Yiuf
  1588 | D:2      | HP: 8/40 [Crazy Yiuf/+3 quarterstaff of chaos (5)]
  1590 | D:2      | HP: 1/40 [Crazy Yiuf/+3 quarterstaff of chaos (3)]
  1590 | D:2      | Slain by Crazy Yiuf

Illustrated notes

Levels and vault maps discovered:
D:1:      lightli_arrival_isolated_outpost, layout_loops_ring, serial_shops,
          nicolae_shop_tiny_real_fake_doors, minmay_domino_2
D:2:      layout_loops_corners, chequers_ecumenical_altar_island,
          grunt_ministairs_5, nicolae_concentric_dashed_squares_wild,
          uniq_crazy_yiuf_cottage, uniq_terence

Skill      XL: |  1  2  3 |
---------------+----------+-----
Shapeshifting  | 4 |  4.3
Fighting       | |  0.7
Dodging        | |  1.5
Unarmed Combat | |  3.8

Action                     |  1- 3 |  4- 6 || total
---------------------------+-------+-------++-------
  Melee: Unarmed           |    97 |    11 ||   108
         Punch             |     2 |       ||     2
    Use: Potion            |       |     1 ||     1
 Armour: Animal skin       |    56 |     9 ||    65
  Dodge: Dodged            |    49 |     5 ||    54

Table legend: (Time is in decaauts)
 A = Elapsed time spent in this place.
 B = Non-inter-level travel time spent in this place.
 C = Inter-level travel time spent in this place.
 D = Time resting spent in this place.
 E = Time spent auto-exploring this place.
 F = Levels seen in this place.
 G = Mean time per level.
                   A        B        C        D        E       F      G
               +--------+--------+--------+--------+--------+-----+--------+
         Total |   1583 |   1559 |     24 |      0 |   1312 |   2 |  791.5 |
       Dungeon |   1583 |   1559 |     24 |      0 |   1312 |   2 |  791.5 |
               +--------+--------+--------+--------+--------+-----+--------+

Top non-repeatable levels by time:
     D:2: 847 daAuts
     D:1: 736 daAuts

Levels and vault maps discovered:
D:1:      lightli_arrival_isolated_outpost, layout_loops_ring, serial_shops,
          nicolae_shop_tiny_real_fake_doors, minmay_domino_2
D:2:      layout_loops_corners, chequers_ecumenical_altar_island,
          grunt_ministairs_5, nicolae_concentric_dashed_squares_wild,
          uniq_crazy_yiuf_cottage, uniq_terence

Table legend: (Time is in decaauts)
 A = Elapsed time spent in this place.
 B = Non-inter-level travel time spent in this place.
 C = Inter-level travel time spent in this place.
 D = Time resting spent in this place.
 E = Time spent auto-exploring this place.
 F = Levels seen in this place.
 G = Mean time per level.
                   A        B        C        D        E       F      G
               +--------+--------+--------+--------+--------+-----+--------+
         Total |   1583 |   1559 |     24 |      0 |   1312 |   2 |  791.5 |
       Dungeon |   1583 |   1559 |     24 |      0 |   1312 |   2 |  791.5 |
               +--------+--------+--------+--------+--------+-----+--------+

Top non-repeatable levels by time:
     D:2: 847 daAuts
     D:1: 736 daAuts

Table legend:
 A = Kills in this place as a percentage of kills in the entire game.
 B = Kills by you in this place as a percentage of kills by you in the entire game.
 C = Kills by friends in this place as a percentage of kills by friends in the entire game.
 D = Other kills in this place as a percentage of other kills in the entire game.
 E = Experience gained in this place as a percentage of experience gained in the entire game.
 F = Experience gained in this place divided by the number of levels of this place that you have seen.
                   A       B       C       D       E      F
               +-------+-------+-------+-------+-------+----------------------
         Total | 100.0 | 100.0 |   N/A |   N/A | 100.0 |  64.5
       Dungeon | 100.0 | 100.0 |   N/A |   N/A | 100.0 |  64.5
               +-------+-------+-------+-------+-------+----------------------
